Kradschützen Motorcycle Team
Selects Armored Support Battlegroup
Construct Light Support Kompanie
Selects Superior Fire Drills
Construct Mechanized Kompanie
Marder III Tank Destroyer
254 Reconnaissance Tractor
18-tonne Recovery Half-track
Marder III Tank Destroyer
Marder III Tank Destroyer
Construct Panzerarmee Kommand
Selects Stuka Anti-tank Loiter
18-tonne Recovery Half-track
Marder III Tank Destroyer
Selects Flammpanzer III Medium Tank
Selects Command Panzer IV F Medium Tank
254 Reconnaissance Tractor
254 Reconnaissance Tractor